 Dungeon Crawl Stone Soup version 0.28-a0-1389-gc726bef33b (webtiles) character file.

Game seed: 16790864116097165836

135 thegreatkingdan the Firebug (level 4, -2/33 HPs)
             Began as a Draconian Fire Elementalist on Jan 3, 2022.
             Was an Initiate of Yredelemnul.
             Slain by a wyvern (3 damage)
             ... on level 4 of the Dungeon.
             The game lasted 00:27:48 (2928 turns).

thegreatkingdan the Firebug (DrFE)                  Turns: 2928, Time: 00:28:02

Health: -2/33      AC:  6    Str: 11    XL:     4   Next: 96%
Magic:  0/8        EV: 12    Int: 17    God:    Yredelemnul [......]
Gold:   105        SH:  0    Dex: 11    Spells: 6/8 levels left

rFire   . . .      SeeInvis .   a - +0 short sword
rCold   . . .      Faith    .   (no shield)
rNeg    . . .      Spirit   .   (armour unavailable)
rPois   .          Reflect  .   (helmet restricted)
rElec   .          Harm     .   (no cloak)
rCorr   .          Rampage  .   h - +0 pair of gloves
Will    .....                   (no boots)
Stlth   ++........              (no amulet)
HPRegen 0.11/turn               (no ring)
MPRegen 0.11/turn               (no ring)

@: weak-willed
A: AC +5, unfitting armour, cold-blooded
a: Renounce Religion, Recall Undead Harvest


You were on level 4 of the Dungeon.
You worshipped Yredelemnul.
Yredelemnul was noncommittal.
You visited 1 branch of the dungeon, and saw 4 of its levels.

You collected 105 gold pieces.

Inventory:

Hand Weapons
 a - a +0 short sword (weapon)
 q - a +2 shortbow of freezing
Armour
 h - a +0 pair of gloves (worn)
Wands
 r - a wand of acid (7) (quivered)
Scrolls
 e - a scroll of vulnerability
 m - a scroll of enchant armour {unknown}
 n - a scroll of teleportation {unknown}
 p - 2 scrolls of enchant weapon {unknown}
 s - a scroll of torment {unknown}
Potions
 b - a potion of berserk rage {unknown}
 f - a potion of ambrosia {unknown}
 g - a potion of degeneration {unknown}
 i - a potion of magic {unknown}
 k - a potion of resistance {unknown}
 o - 2 potions of invisibility {unknown}


   Skills:
 + Level 2.6 Dodging
 + Level 2.7 Stealth
 + Level 2.7 Spellcasting
 + Level 2.2 Conjurations
 + Level 3.7 Fire Magic


You had 6 spell levels left.
You knew the following spells:

 Your Spells              Type           Power      Damage    Failure   Level
b - Scorch                Fire           28%        2d6       6%          2

Your spell library contained the following spells:

 Spells                   Type           Power      Damage    Failure   Level
 Foxfire                  Conj/Fire      48%        2x1d6     5%          1
 Conjure Flame            Conj/Fire      12%        6-21      16%         3
 Inner Flame              Hex/Fire       8%         N/A       26%         3
 Flame Wave               Conj/Fire      12%        2d5       47%         4


Dungeon Overview and Level Annotations

Branches:
Dungeon (4/15)
 Temple: D:4-7

Altars:
Fedhas
Hepliaklqana
Ru
Yredelemnul

Shops:
D:4 =


Innate Abilities, Weirdness & Mutations

Your plain brown scales are hard. (AC +5)
You cannot fit into any form of body armour.
You are cold-blooded and may be slowed by cold attacks.


Message History

The wyvern barely misses you.
You feel sick.
You feel sick.
Your kobold zombie hits the scorpion.
A gnoll comes into view. It is wielding a +0 spear.
The wyvern misses you.
You feel sick.
You feel sick. The wyvern bites you.
* * * LOW HITPOINT WARNING * * *
The wyvern barely misses you.
Your kobold zombie hits the gnoll but does no damage.
You feel sick.
Casting: Scorch (safe; 6% risk of failure)
Confirm with . or Enter, or press ? or * to list all spells.
You don't have enough magic to cast this spell.
You feel much better.
You feel sick.
You are no longer poisoned.
The wyvern closely misses you. The wyvern bites you!
As you read the scroll labelled ZAHIAB HILL, it crumbles to dust.
It is a scroll of amnesia.
Your memory of Foxfire unravels.
The wyvern bites you.
Casting: Scorch (safe; 6% risk of failure)
Confirm with . or Enter, or press ? or * to list all spells.
Flames lash the gnoll.
The gnoll is almost dead.
The gnoll's fire resistance burns away.
The wyvern bites you.
The gnoll hits something with a +0 spear!
The gnoll closely misses you.
The wyvern bites you but does no damage.
As you read the scroll labelled NOSUMEA LUUGUU, it crumbles to dust.
Magic quickly surges around you.
It was a scroll of vulnerability.
The wyvern bites you but does no damage.
The gnoll closely misses you.
As you read the scroll labelled LAENAA NAOFROS, it crumbles to dust.
You speak a Word of immense power!
Yredelemnul forgives your inadvertent holy act, just this once.
It was a scroll of holy word.
The wyvern bites you!
* * * LOW HITPOINT WARNING * * *
The gnoll closely misses you. The wyvern bites you.
You die...
Your body rises from the dead as a mindless zombie.

......###....###.#######.#.#
......# #....# #.#.....Z.#.#
...#+###########.#.........#
...Z....##.....#.#.........#
........##.....#.#Z####.####
........##.....#.#.............
........##.....#.#..#......#.##
##.............+.#gg#....$...
#########.....#@lsg...........
♣#.....#.#g...........#
##♣###♣......#.#.#####.####.#
#..'∩'..######.#.# .# .#
#.♣###♣## #.#.# #.♣♣♣♣♣ #.#.#
#.....# #.#.# ##..>.#### #.#.#
###........


You could see a wyvern (weak-willed), a scorpion (weak-willed) and 4 gnolls.

Vanquished Creatures
  An iguana (D:4)
  3 adders
  An adder zombie (D:3)
  A worm (D:4)
  2 dart slugs
  An orc (D:3)
  4 endoplasms
  A giant cockroach (D:3)
  2 goblins (D:2)
  7 hobgoblins
  2 jackals (D:2)
  A quokka (D:2)
  3 ball pythons
  A ball python zombie (D:3)
  2 bats
  2 frilled lizards
  2 kobolds
  A rat (D:2)
37 creatures vanquished.

Vanquished Creatures (collateral kills)
  Terence (D:2)
  A dart slug (D:1)
  A hobgoblin (D:1)
  A quokka (D:2)
  2 kobolds
6 creatures vanquished.

Vanquished Creatures (others)
  2 bat zombies
  A hobgoblin zombie (D:4)
  A jackal zombie (D:2)
  2 kobold zombies
  A spectral endoplasm (D:4)
  6 foxfires (D:1)
  19 plants (D:1)
32 creatures vanquished.

Grand Total: 75 creatures vanquished

Notes
Turn   | Place    | Note
-------+----------+-------------------------------------------
     0 | D:1      | thegreatkingdan the Draconian Fire Elementalist began the
                  | quest for the Orb.
     0 | D:1      | Reached XP level 1. HP: 14/14 MP: 3/3
    62 | D:1      | Found a faded altar of an unknown god.
    66 | D:1      | Prayed at the altar of an unknown god.
    66 | D:1      | Became a worshipper of Yredelemnul the Dark
    66 | D:1      | Reached * piety under Yredelemnul
   255 | D:1      | Reached XP level 2. HP: 14/20 MP: 5/5
   258 | D:1      | Learned a level 2 spell: Scorch
  1215 | D:2      | Reached XP level 3. HP: 26/26 MP: 3/6
  1707 | D:2      | Noticed Terence
  1724 | D:2      | Killed Terence
  1725 | D:2      | Reached XP level 4. HP: 26/33 MP: 1/7
  1961 | D:3      | Found a sacrificial altar of Ru.
  2036 | D:3      | Found a blossoming altar of Fedhas.
  2144 | D:3      | Found a basalt altar of Yredelemnul.
  2612 | D:4      | Found Puprypie's Jewellery Boutique.
  2887 | D:4      | Found a hazy altar of Hepliaklqana.
  2901 | D:4      | Noticed a scorpion
  2902 | D:4      | Noticed a wyvern
  2928 | D:4      | HP: 1/33 [wyvern (13)]
  2928 | D:4      | Slain by a wyvern

Illustrated notes

Levels and vault maps discovered:
D:1:      amcnicky_arrival_choice, layout_loops_cross,
          shapermc_ecumenical_altar_venn, serial_glass, glass_columns_a,
          glass_columns_a, grunt_decor_resistance, serial_bayou_lake_a
D:2:      layout_rooms, uniq_terence
D:3:      layout_basic, lemuel_zombie_altar_yredelemnul,
          mainiacjoe_overflow_six_doors_small, mainiacjoe_overflow_chevrons
D:4:      minmay_chambers_of_twos, layout_basic, mainiacjoe_overflow_alcove_2,
          serial_shops, kennysheep_mini_moat

Skill      XL: |  1  2  3  4 |
---------------+-------------+-----
Stealth        | 2 |  2.7
Dodging        | 2 |  2.6
Conjurations   | 2 |  2.2
Spellcasting   | |  2.7
Fire Magic     | |  3.7

Action                   |  1- 3 |  4- 6 || total
-------------------------+-------+-------++-------
Melee: Short sword       |    27 |    18 ||    45
       Tailslap          |     3 |       ||     3
 Cast: Foxfire           |     3 |       ||     3
       Scorch            |    26 |    24 ||    50
Invok: Recall Undead Har |       |     1 ||     1
  Use: Scroll            |       |     4 ||     4
       Potion            |       |     2 ||     2
 Stab: Sleeping          |     1 |       ||     1
Armor: Skin              |     6 |    13 ||    19
Dodge: Dodged            |    21 |    26 ||    47

Table legend: (Time is in decaauts)
 A = Elapsed time spent in this place.
 B = Non-inter-level travel time spent in this place.
 C = Inter-level travel time spent in this place.
 D = Time resting spent in this place.
 E = Time spent auto-exploring this place.
 F = Levels seen in this place.
 G = Mean time per level.
                   A        B        C        D        E       F      G
               +--------+--------+--------+--------+--------+-----+--------+
         Total |   2985 |   2985 |      0 |    487 |   1620 |   4 |  746.2 |
       Dungeon |   2985 |   2985 |      0 |    487 |   1620 |   4 |  746.2 |
               +--------+--------+--------+--------+--------+-----+--------+

Top non-repeatable levels by time:
     D:1: 1157 daAuts
     D:2: 780 daAuts
     D:3: 614 daAuts
     D:4: 432 daAuts
